 Dungeon Crawl Stone Soup version 0.28.0-53-g5a82cb258f (webtiles) character file.

Game seed: 5889620988844814920

66 issech the Chopper (level 3, -3/33 HPs)
             Began as a Minotaur Monk on June 19, 2022.
             Slain by an orc wizard
             ... wielding a +4 dagger
              (4 damage)
             ... on level 3 of the Dungeon.
             The game lasted 00:04:04 (2185 turns).

issech the Chopper (Minotaur Monk)                  Turns: 2185, Time: 00:04:04

Health: -3/33      AC:  6    Str: 15    XL:     3   Next: 96%
Magic:  2/2        EV: 16    Int:  7    God:
Gold:   114        SH:  0    Dex: 14    Spells: 2/2 levels left

rFire   . . .      SeeInvis .   l - +0 hand axe (vorpal)
rCold   . . .      Faith    .   (no shield)
rNeg    . . .      Spirit   .   k - +0 ring mail
rPois   .          Reflect  .   (helmet restricted)
rElec   .          Harm     .   h - +0 cloak
rCorr   .          Rampage  .   (no gloves)
Will    .....                   (no boots)
Stlth   ..........              (no amulet)
HPRegen 0.11/turn               q - +4 ring of evasion
MPRegen 0.08/turn               (no ring)

@: confused
A: horns 2, retaliatory headbutt
a: no special abilities


You were on level 3 of the Dungeon.
You visited 1 branch of the dungeon, and saw 3 of its levels.

You collected 114 gold pieces.

Inventory:

Hand Weapons
 a - a +0 hand axe
 l - a +0 vorpal hand axe (weapon)
Missiles
 b - 2 javelins
 d - 29 bolts
 f - 46 stones (quivered)
 g - 5 datura-tipped darts
Armour
 h - a +0 cloak (worn)
 k - a +0 ring mail (worn)
Jewellery
 q - a +4 ring of evasion (left hand)
Scrolls
 c - 6 scrolls of identify {unknown}
 e - 2 scrolls of immolation {unknown}
 i - a scroll of fog {unknown}
 j - a scroll of noise {unknown}
 m - a scroll of holy word {unknown}
Potions
 n - a potion of heal wounds {unknown}
 o - a potion of degeneration {unknown}
 p - a potion of might {unknown}


   Skills:
 + Level 4.0 Fighting
 + Level 4.8 Axes
 + Level 4.1 Dodging
 + Level 1.8 Stealth


You had 2 spell levels left.
You didn't know any spells.
Your spell library contained the following spells:

 Spells                   Type           Power      Damage    Failure   Level
 Animate Skeleton         Necr           0%         N/A       67%         1
 Apportation              Tloc           0%         N/A       67%         1
 Summon Small Mammal      Summ           0%         N/A       67%         1
 Blink                    Tloc           0%         N/A       80%         2
 Lesser Beckoning         Tloc           0%         N/A       95%         3
 Manifold Assault         Tloc           0%         N/A       100%        5


Dungeon Overview and Level Annotations

Branches:
Dungeon (3/15)

Altars:


Innate Abilities, Weirdness & Mutations

You have a pair of horns on your head.
You reflexively headbutt those who attack you in melee.


Message History

You closely miss the orc. The orc barely misses you.
The orc wizard points at you and mumbles some strange words.
The puff of flame hits you. The orc hits you with a +0 falchion.
The orc hits you with a +0 hand axe.
You barely miss the orc. You headbutt the orc.
The orc is severely wounded.
You hit the orc. You barely miss the orc wizard.
The orc hits you from afar with a +0 trident.
The orc wizard misses you. The orc hits you but does no damage.
You hit the orc but do no damage.
The orc is severely wounded.
You barely miss the orc wizard. You hit the orc.
You kill the orc!
The bat hits you but does no damage.
The orc hits you from afar with a +0 trident.
The orc wizard barely misses you. The orc closely misses you. x2
You hit the orc.
The orc is almost dead.
You hit the orc wizard. You hit the bat but do no damage.
The bat hits you but does no damage. The orc wizard closely misses you.
You furiously retaliate!
You headbutt the orc wizard! The orc barely misses you.
You furiously retaliate!
You headbutt the orc!
You kill the orc!
The orc hits you but does no damage.
You hit the orc priest but do no damage.
You barely miss the orc. You barely miss the orc wizard.
The orc wizard gestures at you while chanting.
You are confused.
The orc misses you. The orc priest misses you. The orc completely misses you.
You bump into the rock wall.
The orc wizard hits you with a +4 dagger.
The orc barely misses you.
The orc priest mumbles some strange prayers to Beogh against you.
Beogh smites you!
* * * LOW HITPOINT WARNING * * *
The orc closely misses you.
You hit the orc but do no damage. You barely miss the orc priest.
You miss the orc wizard.
The orc wizard hits you with a +4 dagger.
You die...

##
...######...........
##. #............ #
#............
##............
#.............
#..#..........
#.###.........
#.....$..###..
#..####@## # ...
#.booo...#
.......oo....#
.##.............
........>......
...............
...............
#......#.......


You could see an orc priest, an orc wizard, 3 orcs and a bat.

Vanquished Creatures
  An adder (D:2)
  2 dart slugs (D:1)
  4 orcs (D:3)
  8 ball pythons
  4 endoplasms
  3 giant cockroaches
  4 goblins
  2 hobgoblins (D:2)
  5 jackals (D:1)
  A quokka (D:1)
  3 bats
  4 frilled lizards
  4 rats
45 creatures vanquished.

Notes
Turn   | Place    | Note
-------+----------+-------------------------------------------
     0 | D:1      | issech the Minotaur Monk began the quest for the Orb.
     0 | D:1      | Reached XP level 1. HP: 19/19 MP: 0/0
   167 | D:1      | Reached XP level 2. HP: 26/27 MP: 1/1
   659 | D:1      | Reached XP level 3. HP: 33/33 MP: 2/2
  2184 | D:3      | HP: 1/33 [orc priest/divine providence (12)]
  2185 | D:3      | Slain by an orc wizard

Illustrated notes

Levels and vault maps discovered:
D:1:      matt_arrival_debris, layout_basic
D:2:      minmay_inner_zag, layout_loops_corners, dk_vineyard_2
D:3:      layout_rooms, ebering_ecumenical_altar_box

Skill      XL: |  1  2  3 |
---------------+----------+-----
Axes           | 4 |  4.8
Fighting       | 4 |  4.0
Dodging        | 4 |  4.1
Stealth        | |  1.8

Action                   || total
-------------------------++-------
Melee: Hand axe          ||    90
       Headbutt          ||    15
       Punch             ||     1
 Stab: Sleeping          ||     1
Armor: Robe              ||    15
       Ring mail         ||    12
Dodge: Dodged            ||    82
